 Dungeon Crawl Stone Soup version 0.31-a0-95-g6fa058ef04 (webtiles) character file.

Game seed: 8131109288184384952

100 Sobieck the Conjurer (level 4, -3/24 HPs)
             Began as a Deep Elf Conjurer on May 25, 2023.
             Was a Priest of Ignis.
             Succumbed to rinse's ghost's poison
             ... on level 3 of the Dungeon.
             The game lasted 00:03:05 (2231 turns).

Sobieck the Conjurer (Deep Elf Conjurer)            Turns: 2231, Time: 00:03:05

Health: -3/24      AC:  2    Str:  7      XL:     4   Next: 47%
Magic:  12/12      EV: 12    Int: 25      God:    Ignis [***...]
Gold:   93         SH:  0    Dex: 12 (13) Spells: 9/12 levels left

rFire   + + .        o - +6 falchion of Smoking Dismemberment {flame, rPois rF+ Str+3}
rCold   . . .        (no shield)
rNeg    . . .        a - +0 robe
rPois   +            (no helmet)
rElec   .            (no cloak)
rCorr   .            (no gloves)
SInv    .            (no boots)
Will    .....        (no amulet)
Stlth   ++           (no ring)
HPRegen 0.24/turn    (no ring)
MPRegen 0.13/turn

%: no passive effects
@: lethally poisoned (-3 -> -20)
A: no striking features
a: Renounce Religion, Fiery Armour, Foxfire Swarm, Rising Flame


You were on level 3 of the Dungeon.
You worshipped Ignis.
Ignis was most pleased with you.
You visited 1 branch of the dungeon, and saw 3 of its levels.

You collected 93 gold pieces.

Inventory:

Hand Weapons
 o - the +6 falchion of Smoking Dismemberment (weapon) {flame, rPois rF+ Str+3}
   (You found it on level 3 of the Dungeon)

   Str:       It affects your strength (+3).
   rF:        It protects you from fire.
   rPois:     It protects you from poison.
Armour
 a - a +0 robe (worn)
 f - a +0 kite shield
Magical Staves
 j - a staff of fire
Scrolls
 c - a scroll of acquirement {unknown}
 d - 2 scrolls of poison {unknown}
 g - 2 scrolls of identify {unknown}
 h - a scroll of enchant weapon {unknown}
 i - a scroll of noise {unknown}
 l - a scroll of magic mapping {unknown}
 m - a scroll of teleportation {unknown}
 n - a scroll of fear {unknown}
Potions
 b - a potion of magic
 e - a potion of haste {unknown}
 k - a potion of heal wounds {unknown}


   Skills:
 - Level 2.4 Dodging
 - Level 2.4 Stealth
 + Level 4.5 Spellcasting
 + Level 5.1 Conjurations
 + Level 3.0 Hexes


You had 9 spell levels left.
You knew the following spells:

 Your Spells              Type           Power      Damage    Failure   Level
a - Magic Dart            Conj           100%       1d8       1%          1
b - Searing Ray           Conj           62%        2d6       1%          2

Your spell library contained the following spells:

 Spells                   Type           Power      Damage    Failure   Level
 Dazzling Flash           Conj/Hex       46%        N/A       6%          3
 Fulminant Prism          Conj/Hex       11%        3d8       21%         4
 Iskenderun's Mystic Bla  Conj/Tloc      15%        2d5       36%         4


Dungeon Overview and Level Annotations

Branches:
Dungeon (3/15)

Altars:
Ignis

Annotations:
D:3 1 transporter, rinse's ghost, amateur DsMo


Message History

The quasit is heavily wounded.
The foxfire hits rinse's ghost.
Rinse's ghost is lightly damaged.
The foxfire hits the quasit.
The quasit resists.
The quasit is heavily wounded.
The foxfire hits the quasit but does no damage.
The quasit is heavily wounded.
The foxfire hits the quasit but does no damage.
The quasit is heavily wounded.
The quasit bites you but does no damage.
The quasit claws you. The quasit closely misses you.
The foxfire hits the quasit.
The quasit resists.
The quasit is severely wounded.
Rinse's ghost hits you.
You are poisoned.
Unknown command.
Unknown command.
Activating: Foxfire Swarm
Press: ? - help, Dir - look around, f - activate Flames leap up around you!
You feel sick.
The foxfire hits the quasit.
The quasit resists.
The quasit is severely wounded.
The foxfire hits the quasit.
The quasit resists.
The quasit is almost dead.
Rinse's ghost hits you. The quasit barely misses you.
The quasit claws you but does no damage.
The quasit claws you.
Unknown command.
You feel sick.
The foxfire hits the quasit.
The quasit resists.
The quasit is almost dead.
The foxfire hits the quasit.
The quasit resists.
You kill the quasit!
The foxfire hits rinse's ghost.
Rinse's ghost is moderately damaged.
The foxfire hits the quasit but does no damage. x5
The foxfire hits the quasit.
The quasit completely resists.
The quasit misses you. The quasit claws you.
* * * LOW HITPOINT WARNING * * *
You feel clumsy. The quasit completely misses you. Rinse's ghost hits you.
* * * LOW HITPOINT WARNING * * *
You are more poisoned.
The foxfire hits the quasit.
The quasit completely resists.
You feel your dexterity returning.
Your Hexes skill increases to level 3!
Unknown command.
Activating: Foxfire Swarm
Press: ? - help, Dir - look around, f - activate Flames leap up around you!
You die...

..#...........## #.#....
..#..#.........###### #..####
#.####.#............#####
##.## # ...
#.#...###©####.....# #..#
....#.#..##.### #####.## ##.#
. ...#.#.##.....
#....#..####.# . ..
#.#.#....#v v#...##.†..#.###
#.
#.#.#..##vv#vv....#.........
#.
#...#©..#vv@vv##..#...†.####
#. #..##.#..vW5#v....#.....# #
. #.##..#....###vv.##.##...†##
# ..#)....##..
..:/.(...#...... ..)).....###
#####.. #.#....#
.###.......####.©.####..##.#.#
#....##.............# #.#..
#....###.####.####### #....#
#.# #..#


You could see a quasit (ally target) and rinse's ghost (ally target).

Vanquished Creatures
  A quasit (D:3)
  2 adders
  4 orcs (D:3)
  5 bats
  4 endoplasms
  2 giant cockroaches (D:1)
  2 goblins
  2 hobgoblins (D:2)
  8 jackals
  A quokka (D:3)
  7 ball pythons
  2 frilled lizards (D:2)
  A kobold (D:3)
  2 rats
43 creatures vanquished.

Vanquished Creatures (others)
  34 foxfires (D:3)
34 creatures vanquished.

Grand Total: 77 creatures vanquished

Notes
Turn   | Place    | Note
-------+----------+-------------------------------------------
     0 | D:1      | Sobieck the Deep Elf Conjurer began the quest for the Orb.
     0 | D:1      | Reached XP level 1. HP: 10/10 MP: 6/6
   176 | D:1      | Reached skill level 1 in Hexes
   382 | D:1      | Reached XP level 2. HP: 15/15 MP: 5/8
   617 | D:1      | Found a faded altar of an unknown god.
   760 | D:1      | Prayed at the altar of an unknown god.
   760 | D:1      | Became a worshipper of Ignis, the Dying Flame
  1520 | D:2      | Reached XP level 3. HP: 19/19 MP: 5/10
  1523 | D:2      | Learned a level 2 spell: Searing Ray
  1881 | D:3      | Found a transporter.
  1891 | D:3      | Noticed rinse's ghost (amateur DsMo)
  2006 | D:3      | Identified the +6 falchion of Smoking Dismemberment {flame,
                  | rPois rF+ Str+3}
  2134 | D:3      | Reached skill level 5 in Conjurations
  2142 | D:3      | Reached XP level 4. HP: 7/24 MP: 1/12
  2149 | D:3      | Found a transporter.
  2230 | D:3      | HP: 1/24 [rinse's ghost (5)]
  2231 | D:3      | Reached skill level 3 in Hexes
  2231 | D:3      | Succumbed to rinse's ghost's poison

Illustrated notes

Levels and vault maps discovered:
D:1:      dpeg_arrival_round_b, layout_basic, nicolae_ecumenical_lake_church,
          minmay_misc_feat_rows, minmay_indecisive_spiral
D:2:      layout_rooms
D:3:      layout_basic, gammafunk_ghost_stat_death

Skill      XL: |  1  2  3  4 |
---------------+-------------+-----
Hexes          | 1 2 3 |  3.0
Spellcasting   | 4 |  4.5
Conjurations   | 5 |  5.1
Dodging        | |  2.4
Stealth        | |  2.4

Action                     |  1- 3 |  4- 6 || total
---------------------------+-------+-------++-------
  Melee: Unarmed           |     7 |       ||     7
         Falchion          |     7 |       ||     7
         Punch             |     1 |       ||     1
   Cast: Magic Dart        |    68 |       ||    68
         Searing Ray       |     2 |       ||     2
 Invoke: Foxfire Swarm     |       |     4 ||     4
 Armour: Robe              |     8 |     4 ||    12
  Dodge: Dodged            |    14 |     6 ||    20

Table legend: (Time is in decaauts)
 A = Elapsed time spent in this place.
 B = Non-inter-level travel time spent in this place.
 C = Inter-level travel time spent in this place.
 D = Time resting spent in this place.
 E = Time spent auto-exploring this place.
 F = Levels seen in this place.
 G = Mean time per level.
                   A        B        C        D        E       F      G
               +--------+--------+--------+--------+--------+-----+--------+
         Total |   2232 |   2106 |    126 |     69 |   1833 |   3 |  744.0 |
       Dungeon |   2232 |   2106 |    126 |     69 |   1833 |   3 |  744.0 |
               +--------+--------+--------+--------+--------+-----+--------+

Top non-repeatable levels by time:
     D:1: 1099 daAuts
     D:2: 647 daAuts
     D:3: 485 daAuts
